 Dungeon Sprint DCSS version 0.24.1-11-gbbbb2193e6 (webtiles) character file.

Game seed: 7225836143657304517, levelgen mode: deterministic

11278 Groucho the Imperceptible (level 11, 46/51 HPs)
             Began as a Felid Berserker on May 14, 2020.
             Was the Champion of Trog.
             Got out of the dungeon alive.
             The game lasted 00:08:32 (3230 turns).

Groucho the Imperceptible (Felid Berserker)         Turns: 3230, Time: 00:08:32

Health: 46/51      AC:  2    Str: 13    XL:     11   Next: 47%
Magic:  10/10      EV: 32    Int: 10    God:    Trog [******]
Gold:   542        SH:  0    Dex: 18    Spells: 10/10 levels left
                                        Lives:  2   Deaths: 0

rFire    . . .     SeeInvis +     - Unarmed
rCold    . . .     Gourm    .   (shield unavailable)
rNeg     + . .     Faith    .   (armour unavailable)
rPois    .         Spirit   .   (helmet unavailable)
rElec    .         Reflect  .   (cloak unavailable)
rCorr    .         Harm     .   (gloves unavailable)
MR       +....     NoTele   +   (boots unavailable)
Stlth    +++++++++.             (no amulet)
HPRegen  0.17/turn              g - ring of flight
MPRegen  0.12/turn              b - ring of positive energy

@: quick
A: very small, no armour, no weapons or thrown items, stealth, claws 1, fangs 3,
see invisible, carnivore, speed 1, frail 1, low mp 1, shaggy fur 2, slow
metabolism 1, sharp paws
a: Berserk, Trog's Hand, Brothers in Arms, Renounce Religion, Evoke Flight


You escaped.
You worshipped Trog.
Trog was exalted by your worship.
You were very full.

You visited 1 branch You collected 1269 gold pieces.
You spent 727 gold pieces at shops.

Inventory:

Jewellery
 b - a ring of positive energy (right paw)
 g - a ring of flight (left paw)
Wands
 h - a wand of flame (15)
 i - a wand of random effects (12)
 o - a wand of digging (5)
Scrolls
 c - a scroll of amnesia {unknown}
 l - a scroll of blinking
 n - 2 scrolls of enchant armour {unknown}
 r - a scroll of remove curse {unknown}
 s - a scroll of random uselessness {unknown}
 t - a scroll of identify
Potions
 d - a potion of haste
 e - 2 potions of magic
 f - a potion of berserk rage
 j - 4 potions of cancellation {unknown}
 k - 4 potions of curing
 m - a potion of heal wounds
 p - a potion of mutation {unknown}
 q - a potion of lignification {unknown}
Comestibles
 a - 2 rations


   Skills:
 + Level 12.5 Fighting
 + Level 15.7 Dodging
 + Level 24.2 Stealth
 + Level 12.5 Unarmed Combat


You had 10 spell levels left.
You didn't know any spells.
Your spell library was empty.

Dungeon Overview and Level Annotations

Branches:
Dungeon (1/1)

Altars:
Cheibriados
Dithmenos
Elyvilon
Fedhas
Gozag
Hepliaklqana
Kikubaaqudgha
Makhleb
Nemelex Xobeh
Okawaru
Qazlal
Ru
Sif Muna
Trog
Uskayaw
Vehumet
Wu Jian
Xom
Yredelemnul
Zin
The Shining One
Jiyva
Lugonu

Shops:
D }[*![*:((*:?:%:[??([:


Innate Abilities, Weirdness & Mutations

You cannot wear armour.
You are incapable of wielding weapons or throwing items.
Your paws allow you to move quietly. (Stealth)
You have sharp claws.
You have razor-sharp teeth.
You have supernaturally acute eyesight. (SInv)
You are carnivorous and can eat meat at any time.
You cover ground quickly.
You are covered in thick fur. (AC +2)
You have a slow metabolism.
Your sharp claws are effective at attacking unaware monsters.
You are frail. (-10% HP)
Your magical capacity is low. (-10% MP)


Message History

a +0 dagger; a +0 robe
There is an open door here.
There is an open door here.
An arrow shoots out and hits you!
There is an arrow trap here.
There is an open door here.
There is an open door here.
Things that are here:
a +0 scythe; a +0 robe
There is an open door here.
You see here a +0 giant spiked club.
There is an open door here.
There is an open door here.
You see here a +0 leather armour.
There is a staircase leading out of the dungeon here.
Are you sure you want to leave the Dungeon?
This will make you lose the game!
Alright, then stay!
Unknown command.
Are you sure you want to leave the Dungeon?
This will make you lose the game!
You have escaped!

##################
#@.#..'..#.)'..#__
#.['..#.)'..#..'^.
#..#####'#####'#__
#..####..#...#[###
#..#__####..##)#≈≈
#..#_____##'#§§§≈§
#⌠⌠#_.∩...'..._#§§
#..._..__##_.#'##+
#..#_____###'#)#(.


There were no monsters in sight!

Vanquished Creatures
  2 centaur warriors (D)
  Sonja (D)
  2 unseen horrors (D)
  A deep troll (D)
  A lindwurm (D)
  An oklob plant (D)
  A kobold demonologist (D)
  4 demonic crawlers (D)
  A slime creature (D)
  A hornet (D)
  Sigmund (D)
  2 redbacks (D)
  A yak (D)
  13 hogs (D)
  3 floating eyes (D)
  An ogre (D)
  7 necrophages (D)
  8 jellies (D)
  Ijyb (D)
  A ballistomycete spore (D)
53 creatures vanquished.

Vanquished Creatures (collateral kills)
  8 shining eyes (D)
  A kobold demonologist (D)
  3 floating eyes (D)
12 creatures vanquished.

Vanquished Creatures (others)
  the Lernaean hydra (D)
  A deep elf master archer (D)
  A hydra (D)
  2 merfolk sirens (D)
  A gargoyle (D)
  4 hornets (D)
  A floating eye (D)
  A ballistomycete spore (D)
12 creatures vanquished.

Grand Total: 77 creatures vanquished

Notes
Turn   | Place    | Note
-------+----------+-------------------------------------------
     0 | D        | Groucho the Felid Berserker began the quest for the Orb.
     0 | D        | Reached XP level 1. HP: 10/10 MP: 2/2
     2 | D        | Noticed Ijyb
    12 | D        | Killed Ijyb
    12 | D        | Reached skill level 8 in Stealth
    12 | D        | Reached XP level 2. HP: 14/14 MP: 3/3
   156 | D        | Noticed an ogre
   158 | D        | Killed an ogre
   158 | D        | Reached skill level 12 in Stealth
   158 | D        | Reached XP level 3. HP: 17/17 MP: 4/4
   158 | D        | Reached XP level 4. HP: 21/21 MP: 5/5
   161 | D        | Noticed Sigmund
   163 | D        | Killed Sigmund
   163 | D        | Reached ** piety under Trog
   163 | D        | Reached skill level 16 in Stealth
   163 | D        | Reached XP level 5. HP: 24/24 MP: 6/6
   163 | D        | Gained mutation: You are covered in thick fur. (AC +2)
                  | [Felid growth]
   163 | D        | Reached XP level 6. HP: 28/28 MP: 7/7
   197 | D        | Found a burning altar of Makhleb.
   197 | D        | Found a viscous altar of Jiyva.
   197 | D        | Found a shimmering altar of Xom.
   197 | D        | Found a corrupted altar of Lugonu.
   197 | D        | Noticed a slime creature
   200 | D        | Killed a slime creature
   200 | D        | Reached skill level 18 in Stealth
   219 | D        | Found an ornate altar of the Wu Jian Council.
   219 | D        | Found a shimmering blue altar of Sif Muna.
   221 | D        | Found a radiant altar of Vehumet.
   227 | D        | Found Inemn's Distillery.
   227 | D        | Found an ancient bone altar of Kikubaaqudgha.
   227 | D        | Found a hazy altar of Hepliaklqana.
   227 | D        | Found a stormy altar of Qazlal.
   227 | D        | Found a hide-covered altar of Uskayaw.
   227 | D        | Found a blossoming altar of Fedhas.
   227 | D        | Found a bloodstained altar of Trog.
   227 | D        | Found an iron altar of Okawaru.
   227 | D        | Found a basalt altar of Yredelemnul.
   227 | D        | Found a glowing golden altar of the Shining One.
   227 | D        | Found a snail-covered altar of Cheibriados.
   227 | D        | Found a sacrificial altar of Ru.
   227 | D        | Found a glowing silver altar of Zin.
   227 | D        | Found a shadowy altar of Dithmenos.
   227 | D        | Found a white marble altar of Elyvilon.
   227 | D        | Noticed a yak
   228 | D        | Found an opulent altar of Gozag.
   229 | D        | Killed a yak
   229 | D        | Reached *** piety under Trog
   229 | D        | Reached skill level 19 in Stealth
   229 | D        | Reached XP level 7. HP: 31/31 MP: 8/8
   230 | D        | Found a sparkling altar of Nemelex Xobeh.
   274 | D        | Noticed a centaur warrior
   274 | D        | Noticed a centaur warrior
   275 | D        | Killed a centaur warrior
   275 | D        | Reached skill level 5 in Fighting
   275 | D        | Reached skill level 20 in Stealth
   275 | D        | Reached skill level 5 in Unarmed Combat
   275 | D        | Reached XP level 8. HP: 38/38 MP: 9/9
   276 | D        | Killed a centaur warrior
   276 | D        | Reached skill level 21 in Stealth
   289 | D        | Noticed a hornet
   292 | D        | Killed a hornet
   292 | D        | Reached XP level 9. HP: 43/43 MP: 10/10
   303 | D        | Noticed an oklob plant
   305 | D        | Killed an oklob plant
   305 | D        | Reached **** piety under Trog
   305 | D        | Reached skill level 10 in Dodging
   321 | D        | Reached ***** piety under Trog
   329 | D        | Noticed an unseen horror
   330 | D        | Noticed an unseen horror
   515 | D        | Killed an unseen horror
   515 | D        | Reached skill level 22 in Stealth
   525 | D        | Killed an unseen horror
   525 | D        | Reached XP level 10. HP: 21/49 MP: 11/11
  1294 | D        | Reached ****** piety under Trog
  1294 | D        | Reached skill level 10 in Fighting
  1294 | D        | Reached skill level 10 in Unarmed Combat
  1431 | D        | Killed a gargoyle
  1558 | D        | Found Wueheyha's Antique Weapon Shoppe.
  1558 | D        | Found Kudigg's Book Shop.
  1558 | D        | Found Zoalyul's Antique Weapon Boutique.
  1560 | D        | Found Oddax's General Store.
  1560 | D        | Found Utuv's Book Shop.
  1560 | D        | Found Ampiun's Magic Scroll Shoppe.
  1560 | D        | Found Xics's Book Boutique.
  1560 | D        | Found Kyasimo's Food Emporium.
  1560 | D        | Found Racwiyqej's Book Shop.
  1560 | D        | Found Wyeviet's Antique Armour Shoppe.
  1564 | D        | Found Feoduog's Magic Scroll Boutique.
  1565 | D        | Bought an uncursed ring of flight for 227 gold pieces
  1565 | D        | Found Ziafamyz's Antique Weapon Emporium.
  1565 | D        | Found Pexiec's Magic Scroll Boutique.
  1566 | D        | Found Xegir's Book Emporium.
  1574 | D        | Bought a scroll of blinking for 90 gold pieces
  1625 | D        | Noticed a deep troll
  1627 | D        | Killed a deep troll
  1639 | D        | Found Tothrucuu's Armour Emporium.
  1656 | D        | Noticed Sonja
  1659 | D        | Killed Sonja
  1880 | D        | Killed a merfolk siren
  1953 | D        | Found Diorphol's Gadget Boutique.
  1961 | D        | Bought a wand of digging (6) for 240 gold pieces
  2031 | D        | Reached skill level 23 in Stealth
  2073 | D        | Killed a deep elf master archer
  2224 | D        | Killed a merfolk siren
  2267 | D        | Noticed a shining eye
  2267 | D        | Noticed a shining eye
  2267 | D        | Noticed a shining eye
  2267 | D        | Noticed a shining eye
  2267 | D        | Noticed a shining eye
  2267 | D        | Noticed a shining eye
  2268 | D        | Gained mutation: You are frail. (-10% HP) [a shining eye]
  2270 | D        | Killed a shining eye
  2272 | D        | Killed a shining eye
  2272 | D        | Reached XP level 11. HP: 49/49 MP: 12/12
  2272 | D        | Noticed a shining eye
  2272 | D        | Paralysed by a floating eye for 3 turns
  2273 | D        | Killed a shining eye
  2274 | D        | Gained mutation: Your magical capacity is low. (-10% MP) [a
                  | shining eye]
  2274 | D        | Killed a shining eye
  2275 | D        | Killed a shining eye
  2276 | D        | Noticed a shining eye
  2279 | D        | Killed a shining eye
  2281 | D        | Killed a shining eye
  2285 | D        | Killed a shining eye
  2291 | D        | Found Ebreen's Armour Shop.
  2291 | D        | Found Peabacs's Antique Armour Shoppe.
  2291 | D        | Found Duskut's Assorted Antiques.
  2291 | D        | Found Wioqoit's Assorted Antiques.
  2299 | D        | Bought a murky green potion for 15 gold pieces
  2299 | D        | Bought a silvery potion for 15 gold pieces
  2306 | D        | Bought a scroll labeled IFYTINED DOCEALL for 28 gold pieces
  2306 | D        | Bought a scroll labeled OBUDEZET LUX for 28 gold pieces
  2306 | D        | Bought a scroll labeled KUEXUA MORRO AVAU for 28 gold
                  | pieces
  2306 | D        | Bought a scroll of identify for 56 gold pieces
  2386 | D        | Noticed a lindwurm
  2388 | D        | Killed a lindwurm
  2388 | D        | Reached skill level 15 in Dodging
  2399 | D        | Reached skill level 24 in Stealth
  2654 | D        | Killed the 27-headed Lernaean hydra
  2877 | D        | Killed a 12-headed hydra
  3230 | D        | Got out of the dungeon alive.

Levels and vault maps discovered:
D:        dungeon_sprint_1 [red_sonja_temple_1, red_sonja_temple_small_1]

Skill      XL: |  1  2  3  4  5  6  7  8  9 10 11 |
---------------+----------------------------------+-----
Stealth        | 8 12 16 19 20 21 22 23 24 | 24.2
Fighting       | 5 7 9 11 12 | 12.5
Dodging        | 7 9 12 14 15 | 15.7
Unarmed Combat | 5 7 9 11 12 | 12.5

Action                   |  1- 3 |  4- 6 |  7- 9 | 10-12 || total
-------------------------+-------+-------+-------+-------++-------
Melee: Unarmed           |     6 |     4 |    37 |    76 ||   123
       Punch             |     1 |       |       |     5 ||     6
       Bite              |       |       |     7 |    14 ||    21
Invok: Berserk           |     1 |       |     1 |     2 ||     4
       Brothers in Arms  |       |       |     1 |     5 ||     6
       Trog's Hand       |       |       |     1 |     1 ||     2
Evoke: Wand              |       |       |       |     3 ||     3
  Use: Scroll            |       |       |     1 |     1 ||     2
       Potion            |       |       |     2 |       ||     2
 Stab: Sleeping          |     1 |     4 |     7 |    24 ||    36
       Distracted        |       |       |       |     1 ||     1
  Eat: Chunk             |       |     1 |     1 |    10 ||    12
       Ration            |       |       |       |     3 ||     3
Armor: Skin              |       |       |     1 |     3 ||     4
Dodge: Dodged            |     3 |       |    85 |    34 ||   122
